 Dungeon Crawl Stone Soup version 0.24-a0-7-g1bb0902 (webtiles) character file.

Game seed: 17512382059905068269

42 DekuTree the Skirmisher (level 3, -10/33 HPs)
             Began as a Demonspawn Wanderer on Jan 30, 2019.
             Was an Initiate of Vehumet.
             Engulfed by a cloud of flame (15 damage)
             ... on level 2 of the Dungeon.
             The game lasted 00:01:58 (1846 turns).

DekuTree the Skirmisher (Demonspawn Wanderer)       Turns: 1846, Time: 00:01:59

Health: -10/33     AC:  2    Str: 18    XL:     3   Next: 35%
Magic:  3/3        EV: 11    Int: 12    God:    Vehumet [......]
Gold:   130        SH:  0    Dex: 14    Spells: 2/2 levels left

rFire    . . .     SeeInvis .   a - +2 quarterstaff
rCold    . . .     Gourm    .   (shield currently unavailable)
rNeg     . . .     Faith    .   e - +0 robe
rPois    .         Spirit   .   (no helmet)
rElec    .         Reflect  .   (no cloak)
rCorr    .         Harm     .   (no gloves)
MR       .....                  (no boots)
Stlth    ++........             (no amulet)
HPRegen  0.11/turn              j - +3 ring of dexterity
MPRegen  0.08/turn              n - +3 ring of strength

@: no status effects
A: talons 1
a: Renounce Religion


You were on level 2 of the Dungeon.
You worshipped Vehumet.
Vehumet was noncommittal.
You were hungry.

You visited 1 branch of the dungeon, and saw 2 of its levels.

You collected 130 gold pieces.

Inventory:

Hand Weapons
 a - a +2 quarterstaff (weapon)
 d - a +0 blowgun
 f - a +0 dagger
Missiles
 c - 11 poisoned needles
Armour
 e - a +0 robe (worn)
Jewellery
 j - a +3 ring of dexterity (left hand)
 n - a +3 ring of strength (right hand)
 o - an uncursed ring of see invisible
Scrolls
 b - 3 scrolls of teleportation
Potions
 h - a potion of cancellation {unknown}
 i - a potion of invisibility {unknown}
 k - 2 potions of curing {unknown}
 l - 2 potions of degeneration {unknown}
 m - a potion of lignification {unknown}
 p - a potion of flight {unknown}
Comestibles
 g - 3 rations


   Skills:
 + Level 5.5 Fighting
 + Level 2.2 Staves
 - Level 1.0 Throwing
 - Level 1.7 Stealth
   Level 1.0 Shields


You had 2 spell levels left.
You didn't know any spells.
Your spell library was empty.

Dungeon Overview and Level Annotations

Branches:
Dungeon (2/15)

Altars:
Elyvilon
Hepliaklqana
Okawaru
Vehumet
Zin


Innate Abilities, Weirdness & Mutations

You have sharp toenails.


Message History

You are feeling hungry.
No target in view!
k - 2 coppery potions (gained 1) Partly explored, can't reach some places.
Partly explored, can't reach some places.
Partly explored, can't reach some places.
Search for what [? for help]? altar Sorry, I don't know how to get there.
Really walk into a travel-excluded area? [Y]es or [N]o only, please.
Really walk into a travel-excluded area?
Really walk into that cloud of flame?
You are engulfed in blazing flames.
Ouch! That really hurt!
* * * LOW HITPOINT WARNING * * *
There is a radiant altar of Vehumet here.
You kneel at the altar of Vehumet.
Vehumet welcomes you!
You are engulfed in blazing flames.
You die...

###...##
#............# #.#.
.......#
####.#....##.######
.##.##.#########
#.###..##...#...
..)............#
#......######.##
.##..#.#######.#
#####.......#.##
.###.#.# ####.#####
#######.#.## .###.#.#
#....○...# #.....
.).....# #.#.÷....#
##.### )..#.###
#.##.§@.☼## #.# #
.....### #.##.°)...#
#.# .#.....#
#.##....○.# #.###
.##....# ##.##.##...#
#....
.#.....###.#.......##
#####
.......##.###..#####
..)....#.## ##.#
....#####.###.##
.#########.#.##


There were no monsters in sight!

Vanquished Creatures
  2 worms (D:2)
  A leopard gecko (D:1)
  A ball python (D:2)
  4 hobgoblins (D:2)
  2 jackals (D:1)
  9 bats
  5 goblins
  5 kobolds
  3 rats
32 creatures vanquished.

Vanquished Creatures (others)
  A leopard gecko (D:2)
  A quokka (D:2)
  A kobold (D:2)
3 creatures vanquished.

Grand Total: 35 creatures vanquished

Notes
Turn   | Place    | Note
-------+----------+-------------------------------------------
     0 | D:1      | DekuTree the Demonspawn Wanderer began the quest for the
                  | Orb.
     0 | D:1      | DekuTree set off with the following items: a +2
                  | quarterstaff, a scroll of teleportation, 11 poisoned
                  | needles, a +0 blowgun, a +0 robe, a +0 dagger, a ration
     0 | D:1      | Reached XP level 1. HP: 21/21 MP: 1/1
   282 | D:1      | Gained mutation: You have sharp toenails. [demonic
                  | ancestry]
   282 | D:1      | Reached XP level 2. HP: 20/27 MP: 2/2
   890 | D:2      | Found a hazy altar of Hepliaklqana.
  1019 | D:2      | Found a white marble altar of Elyvilon.
  1049 | D:2      | Reached XP level 3. HP: 17/33 MP: 3/3
  1473 | D:2      | Found a glowing silver altar of Zin.
  1519 | D:2      | Found an iron altar of Okawaru.
  1615 | D:2      | Found a radiant altar of Vehumet.
  1846 | D:2      | Became a worshipper of Vehumet
  1846 | D:2      | Engulfed by a cloud of flame

Vault maps used:
D:1:      psy_arrival_basics
D:2:      fiery_altar_vehumet, zin_treasury, okawaru_ov_weapons_minmay,
          nicolae_overflow_crystal_walls, serial_forest,
          infiniplex_forest_zigzag_2, infiniplex_forest_lined_corner,
          infiniplex_forest_zigzag_1, infiniplex_forest_diagonal,
          infiniplex_forest_lined_3, infiniplex_forest_lined_room_,
          elyvilon_altar_4

Skill      XL: |  1  2 |
---------------+-------+-----
Staves         | 2 |  2.2
Fighting       | |  5.5
Throwing       | |  1.0
Stealth        | |  1.7
Shields        | |  1.0

Action                   || total
-------------------------++-------
Melee: Quarterstaff      ||    58
       Kick              ||     8
  Use: Scroll            ||     4
 Stab: Distracted        ||     1
       Sleeping          ||     1
  Eat: Chunk             ||     2
Armor: Robe              ||    17
Dodge: Dodged            ||    50

Table legend:
 A = Non-vault XP
 B = Vault XP
 C = Vault XP percentage of total XP
 D = Non-vault monster count
 E = Vault monster count
 F = Vault count percentage of total count
                 A         B        C        D         E       F
            +---------+---------+-------+---------+---------+-------
      Total |      61 |       0 |   0.0 |      32 |       0 |   0.0
            +---------+---------+-------+---------+---------+-------
        D:1 |      24 |       0 |   0.0 |      15 |       0 |   0.0
        D:2 |      37 |       0 |   0.0 |      17 |       0 |   0.0
            +---------+---------+-------+---------+---------+-------
